 Dungeon Crawl Stone Soup version 0.29.1-14-g9c671dbff4 (webtiles) character file.

Game seed: 9505809501619602732

37 sanboga the Trooper (level 3, 0/23 HPs)
             Began as a Gargoyle Fighter on Feb 20, 2023.
             Slain by a gnoll
             ... wielding a +0 whip of flaming
              (2 damage)
             ... on level 1 of the Dungeon.
             The game lasted 00:01:20 (1145 turns).

sanboga the Trooper (Gargoyle Fighter)              Turns: 1145, Time: 00:01:20

Health: 0/23       AC: 13    Str: 21    XL:     3   Next: 41%
Magic:  3/3        EV:  9    Int:  8    God:
Gold:   72         SH:  4    Dex:  9    Spells: 2/2 levels left

rFire   . . .      SeeInvis .   a - +0 war axe
rCold   . . .      Faith    .   c - +0 buckler
rNeg    + . .      Spirit   .   b - +0 scale mail
rPois   ∞          Reflect  .   (no helmet)
rElec   +          Harm     .   i - +1 cloak
rCorr   .          Rampage  .   (no gloves)
Will    .....                   f - +0 pair of boots
Stlth   ..........              (no amulet)
HPRegen 0.07/turn               (no ring)
MPRegen 0.08/turn               (no ring)

@: no status effects
A: sickness immunity, AC +3, negative energy resistance 1, electricity
resistance, torment resistance 1, petrification resistance
a: no special abilities


You were on level 1 of the Dungeon.
You visited 1 branch of the dungeon, and saw 2 of its levels.

You collected 72 gold pieces.

Inventory:

Hand Weapons
 a - a +0 war axe (weapon)
Armour
 b - a +0 scale mail (worn)
 c - a +0 buckler (worn)
 f - a +0 pair of boots (worn)
 i - a +1 cloak (worn)
Scrolls
 e - a scroll of poison {unknown}
 m - a scroll of teleportation {unknown}
 n - a scroll of blinking {unknown}
Potions
 d - a potion of might
 g - a potion of lignification {unknown}
 h - a potion of berserk rage {unknown}
 j - a potion of haste {unknown}
 k - a potion of attraction {unknown}
 l - a potion of flight {unknown}


   Skills:
 + Level 3.6 Fighting
 * Level 2.5 Axes
 + Level 3.6 Armour
 + Level 3.6 Shields


You had 2 spell levels left.
You didn't know any spells.
Your spell library contained the following spells:

 Spells                   Type           Power      Damage    Failure   Level
 Blink                    Tloc           0%         N/A       93%         2
 Lesser Beckoning         Tloc           0%         N/A       99%         3
 Manifold Assault         Tloc           0%         N/A       100%        5


Dungeon Overview and Level Annotations

Branches:
Dungeon (2/15)

Altars:


Innate Abilities, Weirdness & Mutations

You are immune to sickness and miasma.
Your stone body is resilient. (AC +3)
You are immune to poison.
You resist negative energy. (rN+)
You are resistant to electric shocks. (rElec)
You are resistant to unholy torment.
You are immune to petrification.


Message History

You hit the gnoll but do no damage.
The gnoll is severely wounded.
The gnoll hits you with a +0 spear.
You hit the gnoll.
You kill the gnoll!
No target in view!
You see here a +0 spear.
No target in view!
There is a stone staircase leading down here.
You start resting.
HP restored.
You climb downwards.
The gnoll hits you with a +0 whip of flaming.
The gnoll burns you. The gnoll hits you but does no damage.
There is a stone staircase leading up here.
You hit the gnoll but do no damage. The gnoll hits you but does no damage.
You closely miss the gnoll.
The gnoll hits you with a +0 whip of flaming.
The gnoll burns you.
The gnoll hits you with a +0 whip of flaming.
The gnoll burns you.
You are too injured to fight recklessly!
You are too injured to fight recklessly!
The gnoll barely misses you.
You climb upwards.
There is a stone staircase leading down here.
You slash the gnoll!
The gnoll is almost dead.
The gnoll hits you with a +0 whip of flaming.
The gnoll burns you.
* * * LOW HITPOINT WARNING * * *
You closely miss the gnoll.
The gnoll is almost dead.
The gnoll barely misses you. The gnoll hits you but does no damage.
You hit the gnoll but do no damage.
The gnoll is almost dead.
The gnoll hits you with a +0 whip of flaming.
* * * LOW HITPOINT WARNING * * *
The gnoll burns you.
You die...

#...# #.# #.###
#.# #.#
#############.####
#.#
#................#
#.#
#.####.##.###.##.#
#.# #.# #.##.#
#..... #.# #.#
#.##.# ###.## #.#
#)####.##.###..)..
#.#
#@#......#....#.##
#.#
#g#.##.##.#####.#
#.#
#.#.##.##.......#
#.#
#.#)##.##.########
##.###.#)##.##.#
#.....
#..............#
#.####
##.#####.##.####
#.# ### #.##..#
#.# #(###.#####.#


You could see a gnoll.

Vanquished Creatures
  3 gnolls
  A goblin (D:1)
  A hobgoblin (D:1)
  A ball python (D:1)
  3 bats (D:1)
  A frilled lizard (D:1)
  A kobold (D:1)
11 creatures vanquished.

Notes
Turn   | Place    | Note
-------+----------+-------------------------------------------
     0 | D:1      | sanboga the Gargoyle Fighter began the quest for the Orb.
     0 | D:1      | Reached XP level 1. HP: 14/14 MP: 1/1
   837 | D:1      | Reached XP level 2. HP: 19/19 MP: 2/2
   906 | D:1      | Reached XP level 3. HP: 11/23 MP: 3/3
  1145 | D:1      | Slain by a gnoll

Illustrated notes

Levels and vault maps discovered:
D:1:      eino_arrival_water_cross, layout_loops_ring
D:2:      minmay_spotlight, layout_loops_ring, basic_altar,
          shapermc_ecumenical_altar_flowoftime, minivault_26,
          grunt_ministairs_5, small_statue_intersection

Skill      XL: |  1 |
---------------+----+-----
Axes           | 2 |  2.5
Fighting       | |  3.6
Armour         | |  3.6
Shields        | |  3.6

Action                   || total
-------------------------++-------
Melee: War axe           ||    43
Armor: Scale mail        ||    36
Dodge: Dodged            ||    35
Block: Buckler           ||    14
